[ AOE2 MATCH · #504035546 ]
UnrankedPersians vs Mongols
[ REPLAY ANALYSIS · EXTRACTED FROM THE RECORDED GAME ]
Feudal
13:57
Castle
17:33
Imperial
—
| APM avg | 43.8 |
| APM peak | 69 |
| eAPM avg | 27.1 |
| Villagers / military | 146 / 36 |
Focus
⚔️ 34.1% · 🌾 65.9%
Unknown (2626) ×41 · Fishing Ship ×32 · Fire Galley ×20 · Camel Scout ×8 · Mangonel ×4 · Monk ×2
Feudal
13:52
Castle
18:40
Imperial
—
| APM avg | 51.1 |
| APM peak | 116 |
| eAPM avg | 20.7 |
| Villagers / military | 88 / 59 |
Focus
⚔️ 35.9% · 🌾 64.1%
Mangudai ×29 · Fire Galley ×15 · Unknown (2626) ×15 · Demolition Raft ×13 · Fishing Ship ×12 · Galley ×2
Feudal
13:22
Castle
17:17
Imperial
36:20
| APM avg | 47.0 |
| APM peak | 68 |
| eAPM avg | 24.0 |
| Villagers / military | 126 / 65 |
Focus
⚔️ 15.8% · 🌾 84.2%
Knight ×36 · Camel Scout ×20 · Battering Ram ×7 · Fishing Ship ×6 · Monk ×2
Feudal
12:37
Castle
17:14
Imperial
—
| APM avg | 57.9 |
| APM peak | 142 |
| eAPM avg | 29.5 |
| Villagers / military | 115 / 62 |
Focus
⚔️ 36.4% · 🌾 63.6%
Conquistador ×55 · Fishing Ship ×6 · Monk ×5 · Missionary ×1 · Fire Galley ×1
Feudal
13:43
Castle
17:53
Imperial
—
| APM avg | 43.8 |
| APM peak | 81 |
| eAPM avg | 22.6 |
| Villagers / military | 106 / 54 |
Focus
⚔️ 25.4% · 🌾 74.6%
Arambai ×52 · Fishing Ship ×17 · Battering Ram ×2
Feudal
13:38
Castle
27:25
Imperial
—
| APM avg | 34.7 |
| APM peak | 61 |
| eAPM avg | 21.9 |
| Villagers / military | 81 / 22 |
Focus
⚔️ 28.2% · 🌾 71.8%
Fishing Ship ×19 · Serjeant ×17 · Spearman ×4 · Mangonel ×1
Feudal
11:26
Castle
23:32
Imperial
35:20
| APM avg | 39.8 |
| APM peak | 92 |
| eAPM avg | 19.3 |
| Villagers / military | 147 / 22 |
Focus
⚔️ 27.6% · 🌾 72.4%
Monaspa ×16 · Unknown (2626) ×15 · Fishing Ship ×6 · Fire Galley ×5 · Monk ×1
Feudal
11:30
Castle
24:50
Imperial
—
| APM avg | 57.3 |
| APM peak | 126 |
| eAPM avg | 29.4 |
| Villagers / military | 164 / 79 |
Focus
⚔️ 39.4% · 🌾 60.6%
Cavalry Archer ×54 · Fire Galley ×16 · Fishing Ship ×13 · Unknown (2626) ×10 · Galley ×8 · Spearman ×1
Match map
Initial resources + every placement click. Lines = walls · curves = elevation contours. ◆ gold · ⬟ stone · ● berries · ✦ relic · ◌ wall gap
Your base· Open — 6t gap
jiraiona's base· Open — unwalled flank
Teddy's base· Open — unwalled flank
康寶羊's base· Open — 13t gap
喜碧夫人时间到's base· Open — 6t gap
happy伯's base· ✓ Closed at 27:25 · 14t walls · 1 gate(s)
Arietta Fine's base· Open — 14t gap
Danatis's base· Open — 3t gap
Smoothed initial terrain · ◌ = detected wall gap · hover for details
Inputs per minute
— Yan - - jiraiona
Build order — Yan
First 150 of 370 actions detected
| 0:25 | Build | Town Center |
| 1:31 | Build | Dock |
| 1:45 | Build | House |
| 2:44 | Queue | Villager (Male) |
| 2:45 | Queue | Fishing Ship |
| 2:46 | Queue | Villager (Male) |
| 2:47 | Queue | Villager (Male) |
| 2:47 | Queue | Villager (Male) |
| 2:53 | Queue | Villager (Male) |
| 3:46 | Build | House |
| 4:02 | Queue | Villager (Male) |
| 4:32 | Queue | Fishing Ship |
| 4:53 | Build | House |
| 5:00 | Queue | Villager (Male) |
| 5:26 | Queue | Villager (Male) |
| 5:44 | Queue | Fishing Ship |
| 6:02 | Queue | Villager (Male) |
| 6:30 | Queue | Fishing Ship |
| 6:32 | Queue | Villager (Male) |
| 6:49 | Queue | Villager (Male) |
| 7:10 | Queue | Fishing Ship |
| 7:11 | Queue | Villager (Male) |
| 7:15 | Build | House |
| 7:18 | Build | House |
| 7:28 | Queue | Villager (Male) |
| 8:01 | Queue | Fishing Ship |
| 8:02 | Queue | Villager (Male) |
| 8:33 | Build | Dock |
| 8:35 | Queue | Villager (Male) |
| 8:44 | Queue | Fishing Ship |
| 8:48 | Build | House |
| 8:53 | Build | House |
| 8:55 | Research | Loom |
| 9:14 | Queue | Villager (Male) |
| 9:19 | Queue | Fishing Ship |
| 9:20 | Queue | Villager (Male) |
| 9:23 | Build | House |
| 9:32 | Queue | Villager (Male) |
| 9:44 | Queue | Fishing Ship |
| 9:59 | Build | House |
| 10:01 | Build | Palisade Wall |
| 10:13 | Queue | Fishing Ship |
| 10:18 | Build | House |
| 10:29 | Queue | Fishing Ship |
| 10:32 | Queue | Villager (Male) |
| 10:33 | Queue | Villager (Male) |
| 10:53 | Build | Mining Camp |
| 10:56 | Queue | Villager (Male) |
| 11:27 | Build | Palisade Wall |
| 11:36 | Queue | Fishing Ship |
| 11:53 | Research | Feudal Age |
| 12:06 | Build | Mill |
| 12:18 | Queue | Fishing Ship |
| 12:25 | Build | Lumber Camp |
| 13:44 | Queue | Villager (Male) |
| 13:46 | Queue | Villager (Male) |
| 13:57 | Age | Feudal Age |
| 13:58 | Build | Market |
| 14:09 | Build | Blacksmith |
| 14:21 | Build | Palisade Wall |
| 14:45 | Queue | Villager (Male) |
| 14:47 | Queue | Unit 2626 |
| 14:47 | Queue | Unit 2626 |
| 14:50 | Queue | Unit 2626 |
| 14:59 | Research | Castle Age |
| 15:34 | Build | Dock |
| 15:40 | Queue | Villager (Male) |
| 15:48 | Research | Double-Bit Axe |
| 15:53 | Build | House |
| 15:54 | Build | House |
| 15:55 | Build | House |
| 16:08 | Queue | Unit 2626 |
| 16:13 | Queue | Villager (Male) |
| 16:21 | Queue | Unit 2626 |
| 16:21 | Queue | Unit 2626 |
| 16:55 | Queue | Unit 2626 |
| 17:07 | Queue | Unit 2626 |
| 17:33 | Age | Castle Age |
| 17:33 | Queue | Unit 2626 |
| 17:33 | Queue | Unit 2626 |
| 17:50 | Research | War Galley (upgrade) |
| 17:53 | Queue | Unit 2626 |
| 17:54 | Queue | Villager (Male) |
| 18:00 | Research | Bow Saw |
| 18:13 | Research | Forging |
| 18:22 | Queue | Unit 2626 |
| 18:32 | Queue | Villager (Male) |
| 18:33 | Queue | Villager (Male) |
| 18:34 | Queue | Villager (Male) |
| 18:49 | Queue | Unit 2626 |
| 18:49 | Queue | Unit 2626 |
| 18:51 | Queue | Villager (Male) |
| 18:56 | Queue | Fire Galley |
| 18:56 | Queue | Fire Galley |
| 18:56 | Queue | Fire Galley |
| 19:20 | Queue | Fire Galley |
| 19:25 | Queue | Villager (Male) |
| 19:25 | Queue | Villager (Male) |
| 19:27 | Queue | Villager (Male) |
| 19:47 | Queue | Villager (Male) |
| 19:55 | Build | Town Center |
| 20:13 | Queue | Fire Galley |
| 20:13 | Queue | Fire Galley |
| 20:16 | Queue | Villager (Male) |
| 20:21 | Build | House |
| 20:22 | Build | House |
| 20:22 | Build | House |
| 20:22 | Build | House |
| 20:23 | Build | House |
| 20:26 | Queue | Villager (Male) |
| 20:27 | Queue | Villager (Male) |
| 20:34 | Queue | Villager (Male) |
| 20:42 | Build | House |
| 20:44 | Build | House |
| 20:48 | Build | Monastery |
| 20:58 | Queue | Villager (Male) |
| 21:00 | Queue | Villager (Male) |
| 21:01 | Queue | Villager (Male) |
| 21:09 | Queue | Fire Galley |
| 21:09 | Queue | Fire Galley |
| 21:10 | Queue | Fire Galley |
| 21:11 | Queue | Villager (Male) |
| 21:15 | Queue | Villager (Male) |
| 21:16 | Queue | Villager (Male) |
| 21:16 | Queue | Villager (Male) |
| 21:17 | Queue | Villager (Male) |
| 21:18 | Queue | Villager (Male) |
| 21:18 | Queue | Villager (Male) |
| 21:24 | Queue | Monk |
| 21:44 | Build | Lumber Camp |
| 21:46 | Queue | Villager (Male) |
| 21:54 | Queue | Villager (Male) |
| 21:57 | Queue | Villager (Male) |
| 21:57 | Queue | Villager (Male) |
| 22:01 | Queue | Villager (Male) |
| 22:07 | Queue | Villager (Male) |
| 22:17 | Queue | Villager (Male) |
| 22:32 | Queue | Villager (Male) |
| 22:34 | Queue | Fire Galley |
| 22:35 | Queue | Fire Galley |
| 22:35 | Queue | Fire Galley |
| 22:36 | Queue | Villager (Male) |
| 22:41 | Queue | Villager (Male) |
| 22:45 | Queue | Villager (Male) |
| 22:49 | Build | House |
| 22:50 | Build | House |
| 23:08 | Research | Tech 906 |
| 23:12 | Build | House |
| 23:12 | Build | House |
| 23:13 | Queue | Villager (Male) |
Build order — jiraiona
First 150 of 268 actions detected
| 0:07 | Build | Town Center |
| 0:22 | Build | House |
| 1:15 | Build | Dock |
| 2:27 | Queue | Villager (Male) |
| 2:28 | Queue | Villager (Male) |
| 2:28 | Queue | Villager (Male) |
| 2:28 | Queue | Villager (Male) |
| 3:43 | Queue | Fishing Ship |
| 3:49 | Queue | Villager (Male) |
| 4:21 | Build | House |
| 4:25 | Queue | Villager (Male) |
| 4:50 | Queue | Villager (Male) |
| 5:19 | Queue | Villager (Male) |
| 5:26 | Queue | Fishing Ship |
| 5:39 | Queue | Villager (Male) |
| 6:00 | Queue | Villager (Male) |
| 6:03 | Build | House |
| 6:14 | Queue | Fishing Ship |
| 6:25 | Queue | Villager (Male) |
| 6:40 | Queue | Villager (Male) |
| 6:54 | Queue | Fishing Ship |
| 7:11 | Build | House |
| 7:32 | Queue | Villager (Male) |
| 7:51 | Queue | Fishing Ship |
| 7:51 | Queue | Fishing Ship |
| 7:58 | Research | Loom |
| 8:18 | Build | Dock |
| 8:19 | Queue | Villager (Male) |
| 8:22 | Queue | Villager (Male) |
| 8:23 | Queue | Villager (Male) |
| 8:50 | Queue | Fishing Ship |
| 8:53 | Build | House |
| 9:21 | Queue | Villager (Male) |
| 9:23 | Queue | Fishing Ship |
| 9:35 | Queue | Fishing Ship |
| 9:48 | Build | Mill |
| 9:54 | Queue | Villager (Male) |
| 10:08 | Build | House |
| 10:20 | Queue | Villager (Male) |
| 10:24 | Queue | Fishing Ship |
| 10:35 | Build | Mining Camp |
| 11:00 | Queue | Villager (Male) |
| 11:05 | Queue | Fishing Ship |
| 11:09 | Build | House |
| 11:32 | Build | Mining Camp |
| 11:42 | Research | Feudal Age |
| 12:06 | Build | Lumber Camp |
| 12:33 | Queue | Villager (Male) |
| 12:34 | Queue | Villager (Male) |
| 13:52 | Age | Feudal Age |
| 13:53 | Build | Market |
| 13:56 | Build | Blacksmith |
| 14:05 | Build | Watch Tower |
| 14:30 | Queue | Villager (Male) |
| 14:38 | Queue | Fire Galley |
| 14:38 | Queue | Fire Galley |
| 16:00 | Research | Castle Age |
| 16:42 | Queue | Villager (Male) |
| 16:51 | Build | House |
| 16:52 | Build | House |
| 17:07 | Research | Double-Bit Axe |
| 17:14 | Build | House |
| 17:15 | Build | House |
| 17:26 | Research | Gold Mining |
| 17:36 | Research | Tech 906 |
| 18:08 | Queue | Fire Galley |
| 18:08 | Queue | Fire Galley |
| 18:40 | Age | Castle Age |
| 18:49 | Queue | Villager (Male) |
| 18:55 | Build | Castle |
| 19:07 | Queue | Villager (Male) |
| 19:13 | Queue | Villager (Male) |
| 19:17 | Build | Town Center |
| 19:34 | Queue | Villager (Male) |
| 20:16 | Queue | Villager (Male) |
| 20:23 | Build | Lumber Camp |
| 20:24 | Queue | Villager (Male) |
| 20:28 | Queue | Demolition Raft |
| 20:43 | Queue | Villager (Male) |
| 20:44 | Queue | Villager (Male) |
| 21:02 | Research | War Galley (upgrade) |
| 21:08 | Queue | Mangudai |
| 21:08 | Queue | Mangudai |
| 21:14 | Queue | Mangudai |
| 21:16 | Research | Fletching |
| 21:39 | Queue | Villager (Male) |
| 21:45 | Queue | Mangudai |
| 21:52 | Queue | Villager (Male) |
| 22:07 | Queue | Villager (Male) |
| 22:09 | Queue | Mangudai |
| 22:18 | Queue | Villager (Male) |
| 22:20 | Build | Farm |
| 22:27 | Queue | Fire Galley |
| 22:34 | Queue | Villager (Male) |
| 22:56 | Queue | Villager (Male) |
| 23:06 | Build | Dock |
| 23:09 | Queue | Fishing Ship |
| 23:22 | Queue | Fire Galley |
| 23:22 | Queue | Fire Galley |
| 23:23 | Queue | Villager (Male) |
| 23:26 | Queue | Villager (Male) |
| 23:27 | Queue | Mangudai |
| 23:29 | Queue | Fire Galley |
| 23:34 | Queue | Demolition Raft |
| 24:10 | Queue | Villager (Male) |
| 24:11 | Queue | Villager (Male) |
| 24:11 | Queue | Villager (Male) |
| 24:29 | Research | Tech 905 |
| 24:30 | Queue | Demolition Raft |
| 24:33 | Queue | Villager (Male) |
| 24:38 | Queue | Villager (Male) |
| 24:43 | Queue | Villager (Male) |
| 24:47 | Queue | Villager (Male) |
| 24:51 | Build | Town Center |
| 24:58 | Build | Lumber Camp |
| 25:01 | Queue | Mangudai |
| 25:04 | Queue | Demolition Raft |
| 25:10 | Queue | Demolition Raft |
| 25:20 | Build | Dock |
| 25:22 | Queue | Villager (Male) |
| 25:35 | Queue | Mangudai |
| 25:50 | Build | House |
| 25:51 | Build | House |
| 25:51 | Build | House |
| 25:52 | Build | House |
| 25:52 | Build | House |
| 25:56 | Queue | Mangudai |
| 26:20 | Queue | Mangudai |
| 26:29 | Queue | Unit 2626 |
| 26:29 | Queue | Unit 2626 |
| 26:31 | Queue | Villager (Male) |
| 26:31 | Queue | Villager (Male) |
| 26:34 | Build | Mill |
| 26:42 | Build | University |
| 26:46 | Queue | Mangudai |
| 26:55 | Queue | Villager (Male) |
| 27:25 | Queue | Fire Galley |
| 27:25 | Queue | Fire Galley |
| 27:26 | Queue | Villager (Male) |
| 27:28 | Build | Farm |
| 27:34 | Queue | Villager (Male) |
| 27:46 | Queue | Fire Galley |
| 27:46 | Queue | Fire Galley |
| 27:56 | Queue | Villager (Male) |
| 27:58 | Research | Bodkin Arrow |
| 28:06 | Build | Dock |
| 28:18 | Queue | Mangudai |
| 28:23 | Queue | Villager (Male) |
| 28:25 | Queue | Fire Galley |
| 28:42 | Queue | Mangudai |
Build order — Teddy
First 150 of 308 actions detected
| 0:05 | Build | Town Center |
| 1:28 | Build | Dock |
| 1:31 | Build | House |
| 2:25 | Queue | Villager (Male) |
| 2:25 | Queue | Villager (Male) |
| 2:25 | Queue | Villager (Male) |
| 2:26 | Queue | Villager (Male) |
| 3:45 | Research | Loom |
| 3:52 | Queue | Fishing Ship |
| 4:05 | Queue | Villager (Male) |
| 4:21 | Build | House |
| 4:38 | Queue | Villager (Male) |
| 5:13 | Queue | Villager (Male) |
| 5:13 | Queue | Villager (Male) |
| 5:26 | Queue | Fishing Ship |
| 5:31 | Queue | Villager (Male) |
| 5:50 | Build | House |
| 5:55 | Queue | Villager (Male) |
| 6:23 | Queue | Villager (Male) |
| 6:42 | Queue | Fishing Ship |
| 6:58 | Queue | Villager (Male) |
| 7:04 | Build | House |
| 7:10 | Queue | Villager (Male) |
| 7:31 | Queue | Fishing Ship |
| 7:47 | Build | House |
| 7:52 | Queue | Villager (Male) |
| 7:52 | Queue | Villager (Male) |
| 8:01 | Queue | Villager (Male) |
| 8:07 | Build | House |
| 8:10 | Queue | Villager (Male) |
| 8:15 | Build | House |
| 8:33 | Queue | Villager (Male) |
| 8:37 | Queue | Fishing Ship |
| 8:58 | Queue | Villager (Male) |
| 9:17 | Build | Mill |
| 9:25 | Queue | Villager (Male) |
| 9:25 | Queue | Villager (Male) |
| 9:37 | Queue | Villager (Male) |
| 9:54 | Queue | Fishing Ship |
| 10:44 | Build | Mining Camp |
| 10:49 | Queue | Villager (Male) |
| 11:02 | Research | Feudal Age |
| 11:14 | Build | Barracks |
| 11:49 | Build | Outpost |
| 12:13 | Build | Palisade Wall |
| 12:14 | Build | Palisade Wall |
| 12:15 | Build | Palisade Wall |
| 12:15 | Build | Palisade Wall |
| 12:16 | Build | Palisade Wall |
| 12:16 | Build | Palisade Wall |
| 12:17 | Build | Palisade Wall |
| 12:31 | Queue | Villager (Male) |
| 12:31 | Queue | Villager (Male) |
| 13:22 | Age | Feudal Age |
| 13:25 | Build | Stable |
| 13:30 | Queue | Villager (Male) |
| 13:42 | Build | Blacksmith |
| 14:20 | Build | House |
| 14:21 | Research | Castle Age |
| 14:31 | Build | Lumber Camp |
| 14:38 | Build | Stone Wall |
| 14:38 | Build | Stone Wall |
| 14:39 | Build | Stone Wall |
| 15:09 | Research | Double-Bit Axe |
| 15:39 | Build | Stone Wall |
| 16:02 | Research | Scale Barding Armor |
| 16:14 | Build | Stable |
| 16:46 | Research | Forging |
| 17:11 | Queue | Villager (Male) |
| 17:11 | Queue | Villager (Male) |
| 17:17 | Age | Castle Age |
| 17:19 | Queue | Knight |
| 17:22 | Queue | Camel Scout |
| 17:24 | Queue | Villager (Male) |
| 17:28 | Build | Town Center |
| 17:39 | Queue | Villager (Male) |
| 17:49 | Queue | Villager (Male) |
| 17:52 | Queue | Knight |
| 18:03 | Build | House |
| 18:04 | Build | House |
| 18:05 | Build | House |
| 18:14 | Queue | Villager (Male) |
| 18:25 | Research | Husbandry |
| 18:59 | Queue | Villager (Male) |
| 19:02 | Queue | Villager (Male) |
| 19:06 | Queue | Knight |
| 19:08 | Queue | Knight |
| 19:26 | Build | Farm |
| 19:27 | Build | Farm |
| 19:28 | Build | Farm |
| 19:28 | Build | Farm |
| 19:30 | Build | Farm |
| 19:31 | Build | Farm |
| 19:32 | Research | Horse Collar |
| 19:48 | Queue | Villager (Male) |
| 19:57 | Build | Farm |
| 20:00 | Queue | Villager (Male) |
| 20:17 | Build | Farm |
| 20:33 | Queue | Villager (Male) |
| 20:42 | Queue | Knight |
| 20:43 | Queue | Camel Scout |
| 21:39 | Queue | Villager (Male) |
| 21:39 | Queue | Villager (Male) |
| 21:45 | Queue | Camel Scout |
| 21:46 | Queue | Camel Scout |
| 21:49 | Queue | Villager (Male) |
| 21:49 | Queue | Villager (Male) |
| 21:59 | Build | Town Center |
| 22:08 | Queue | Villager (Male) |
| 22:12 | Build | Farm |
| 22:13 | Build | Farm |
| 22:34 | Queue | Villager (Male) |
| 22:35 | Queue | Villager (Male) |
| 22:35 | Queue | Villager (Male) |
| 22:40 | Queue | Camel Scout |
| 22:58 | Queue | Villager (Male) |
| 22:59 | Queue | Villager (Male) |
| 23:10 | Build | House |
| 23:22 | Build | Farm |
| 23:30 | Queue | Villager (Male) |
| 23:31 | Queue | Villager (Male) |
| 23:32 | Queue | Villager (Male) |
| 23:37 | Build | Farm |
| 23:52 | Research | Bow Saw |
| 23:52 | Research | Bow Saw |
| 24:20 | Queue | Villager (Male) |
| 24:20 | Queue | Villager (Male) |
| 24:21 | Queue | Villager (Male) |
| 24:24 | Build | House |
| 24:25 | Build | House |
| 24:41 | Queue | Knight |
| 24:42 | Queue | Villager (Male) |
| 24:49 | Build | Monastery |
| 24:53 | Queue | Villager (Male) |
| 24:59 | Queue | Villager (Male) |
| 25:03 | Build | House |
| 25:04 | Build | House |
| 25:04 | Build | House |
| 25:05 | Build | House |
| 25:09 | Queue | Villager (Male) |
| 25:10 | Build | Mining Camp |
| 25:12 | Queue | Monk |
| 25:14 | Build | Siege Workshop |
| 25:20 | Queue | Villager (Male) |
| 25:21 | Queue | Villager (Male) |
| 25:21 | Queue | Villager (Male) |
| 25:24 | Build | House |
| 25:27 | Build | Lumber Camp |
| 25:41 | Queue | Villager (Male) |
| 25:48 | Queue | Villager (Male) |
Build order — 康寶羊
First 150 of 255 actions detected
| 0:05 | Build | Town Center |
| 1:54 | Build | Dock |
| 2:26 | Queue | Villager (Male) |
| 2:27 | Queue | Villager (Male) |
| 2:27 | Queue | Villager (Male) |
| 2:27 | Queue | Villager (Male) |
| 3:15 | Research | Loom |
| 3:18 | Build | House |
| 3:19 | Queue | Villager (Male) |
| 3:19 | Queue | Villager (Male) |
| 3:42 | Queue | Fishing Ship |
| 4:33 | Queue | Villager (Male) |
| 4:37 | Build | House |
| 4:52 | Queue | Villager (Male) |
| 5:18 | Queue | Villager (Male) |
| 5:18 | Queue | Villager (Male) |
| 5:30 | Queue | Fishing Ship |
| 5:48 | Queue | Villager (Male) |
| 6:00 | Build | House |
| 6:07 | Queue | Villager (Male) |
| 6:07 | Queue | Villager (Male) |
| 6:24 | Queue | Villager (Male) |
| 6:26 | Queue | Fishing Ship |
| 7:04 | Queue | Villager (Male) |
| 7:05 | Queue | Fishing Ship |
| 7:13 | Build | House |
| 7:20 | Queue | Villager (Male) |
| 7:20 | Queue | Villager (Male) |
| 7:30 | Build | House |
| 7:39 | Queue | Villager (Male) |
| 7:57 | Queue | Villager (Male) |
| 7:59 | Queue | Fishing Ship |
| 8:21 | Queue | Fishing Ship |
| 8:41 | Queue | Villager (Male) |
| 8:48 | Build | House |
| 8:52 | Queue | Villager (Male) |
| 9:18 | Build | Mill |
| 9:33 | Queue | Villager (Male) |
| 9:34 | Queue | Villager (Male) |
| 10:27 | Research | Feudal Age |
| 10:46 | Build | Mining Camp |
| 10:53 | Build | Lumber Camp |
| 12:12 | Queue | Villager (Male) |
| 12:13 | Queue | Villager (Male) |
| 12:18 | Build | House |
| 12:21 | Build | House |
| 12:35 | Build | House |
| 12:37 | Age | Feudal Age |
| 12:44 | Build | Market |
| 12:45 | Build | Blacksmith |
| 13:22 | Queue | Villager (Male) |
| 13:32 | Build | House |
| 13:41 | Build | Mining Camp |
| 13:44 | Build | House |
| 14:05 | Queue | Villager (Male) |
| 14:11 | Queue | Fire Galley |
| 14:34 | Research | Castle Age |
| 14:35 | Research | Castle Age |
| 16:02 | Research | Double-Bit Axe |
| 16:03 | Research | Horse Collar |
| 16:25 | Queue | Villager (Male) |
| 16:43 | Queue | Villager (Male) |
| 17:14 | Age | Castle Age |
| 17:25 | Build | Castle |
| 17:31 | Research | Bow Saw |
| 17:35 | Queue | Villager (Male) |
| 17:41 | Research | Tech 906 |
| 18:09 | Build | Palisade Wall |
| 18:10 | Build | Palisade Wall |
| 18:11 | Build | Palisade Wall |
| 18:11 | Build | Palisade Wall |
| 18:14 | Build | Palisade Wall |
| 18:24 | Queue | Conquistador |
| 18:31 | Build | Palisade Wall |
| 18:33 | Build | Palisade Wall |
| 18:34 | Build | Palisade Wall |
| 18:41 | Build | Palisade Wall |
| 18:42 | Build | Palisade Wall |
| 18:44 | Queue | Villager (Male) |
| 18:46 | Queue | Conquistador |
| 18:50 | Queue | Conquistador |
| 18:53 | Queue | Villager (Male) |
| 18:54 | Queue | Villager (Male) |
| 18:58 | Build | Town Center |
| 19:05 | Queue | Conquistador |
| 19:12 | Build | Monastery |
| 19:31 | Queue | Villager (Male) |
| 19:43 | Queue | Conquistador |
| 20:00 | Build | Farm |
| 20:00 | Build | Farm |
| 20:00 | Build | Farm |
| 20:01 | Build | Farm |
| 20:01 | Build | Farm |
| 20:01 | Build | Farm |
| 20:04 | Queue | Monk |
| 20:10 | Queue | Missionary |
| 20:13 | Queue | Conquistador |
| 20:16 | Queue | Villager (Male) |
| 20:33 | Queue | Villager (Male) |
| 20:34 | Build | Farm |
| 20:35 | Build | Farm |
| 21:11 | Queue | Conquistador |
| 21:15 | Build | Farm |
| 21:17 | Build | Farm |
| 21:17 | Queue | Villager (Male) ×2 |
| 21:43 | Queue | Conquistador |
| 21:43 | Queue | Conquistador |
| 21:47 | Queue | Conquistador |
| 22:04 | Queue | Monk |
| 22:06 | Queue | Villager (Male) ×2 |
| 22:23 | Queue | Villager (Male) |
| 22:26 | Queue | Conquistador |
| 22:37 | Queue | Conquistador |
| 22:56 | Queue | Conquistador |
| 23:03 | Queue | Villager (Male) |
| 23:03 | Research | Town Watch |
| 23:05 | Queue | Villager (Male) ×2 |
| 23:11 | Build | Town Center |
| 23:26 | Queue | Conquistador |
| 23:32 | Queue | Villager (Male) ×2 |
| 23:46 | Research | Padded Archer Armor |
| 23:55 | Queue | Conquistador |
| 24:26 | Queue | Villager (Male) |
| 24:33 | Queue | Villager (Male) |
| 24:58 | Build | Town Center |
| 24:58 | Queue | Villager (Male) ×2 |
| 25:03 | Build | Farm |
| 25:03 | Build | Farm |
| 25:03 | Build | Farm |
| 25:06 | Build | Farm |
| 25:07 | Build | Farm |
| 25:07 | Build | Farm |
| 25:08 | Build | Farm |
| 25:21 | Queue | Conquistador |
| 25:39 | Queue | Conquistador |
| 26:01 | Queue | Villager (Male) ×2 |
| 26:09 | Queue | Villager (Male) |
| 26:12 | Build | House |
| 26:12 | Build | House |
| 26:13 | Build | House |
| 26:14 | Build | House |
| 26:14 | Build | House |
| 26:14 | Build | House |
| 26:17 | Queue | Monk |
| 26:20 | Queue | Villager (Male) |
| 26:23 | Build | Farm |
| 26:24 | Build | Farm |
| 26:24 | Build | Farm |
| 26:24 | Build | Farm |
| 26:24 | Build | Farm |
Build order — 喜碧夫人时间到
First 150 of 290 actions detected
| 0:16 | Build | Town Center |
| 0:59 | Build | Dock |
| 1:03 | Build | Palisade Wall |
| 1:04 | Build | Palisade Wall |
| 1:08 | Build | House |
| 2:31 | Queue | Villager (Male) |
| 2:31 | Queue | Villager (Male) |
| 2:31 | Queue | Villager (Male) |
| 2:32 | Queue | Villager (Male) |
| 3:57 | Queue | Fishing Ship |
| 4:10 | Queue | Villager (Male) |
| 4:10 | Queue | Villager (Male) |
| 4:27 | Queue | Villager (Male) |
| 4:41 | Build | House |
| 5:04 | Queue | Villager (Male) |
| 5:21 | Queue | Villager (Male) |
| 5:46 | Queue | Fishing Ship |
| 5:47 | Queue | Fishing Ship |
| 5:50 | Queue | Villager (Male) |
| 6:01 | Build | House |
| 6:06 | Build | Palisade Wall |
| 6:15 | Queue | Villager (Male) |
| 6:23 | Queue | Fishing Ship |
| 6:23 | Queue | Fishing Ship |
| 6:29 | Build | Palisade Wall |
| 6:48 | Build | House |
| 6:52 | Queue | Villager (Male) |
| 7:18 | Queue | Villager (Male) |
| 7:24 | Build | Palisade Wall |
| 7:25 | Queue | Fishing Ship |
| 7:29 | Build | Palisade Wall |
| 7:34 | Queue | Villager (Male) |
| 7:34 | Queue | Villager (Male) |
| 8:09 | Queue | Fishing Ship |
| 8:10 | Queue | Villager (Male) |
| 8:37 | Queue | Villager (Male) |
| 8:46 | Queue | Fishing Ship |
| 8:59 | Queue | Villager (Male) |
| 9:15 | Build | Dock |
| 9:16 | Queue | Fishing Ship |
| 9:19 | Queue | Villager (Male) |
| 9:21 | Build | House |
| 9:48 | Queue | Fishing Ship |
| 10:00 | Queue | Villager (Male) |
| 10:07 | Queue | Fishing Ship |
| 10:17 | Build | Palisade Wall |
| 10:20 | Queue | Villager (Male) |
| 10:22 | Build | House |
| 10:54 | Research | Loom |
| 10:54 | Research | Loom |
| 10:56 | Build | Mining Camp |
| 11:09 | Build | House |
| 11:12 | Queue | Fishing Ship |
| 11:23 | Queue | Fishing Ship |
| 11:33 | Research | Feudal Age |
| 12:14 | Build | House |
| 12:32 | Build | Mill |
| 12:41 | Build | Mill |
| 13:04 | Queue | Fishing Ship |
| 13:15 | Build | Mining Camp |
| 13:18 | Queue | Villager (Male) |
| 13:19 | Queue | Villager (Male) |
| 13:43 | Age | Feudal Age |
| 13:49 | Build | Blacksmith |
| 14:06 | Build | Market |
| 14:10 | Queue | Villager (Male) |
| 14:13 | Research | Town Watch |
| 14:13 | Research | Town Watch |
| 14:57 | Build | House |
| 15:00 | Build | House |
| 15:01 | Build | Palisade Wall |
| 15:13 | Research | Castle Age |
| 15:24 | Build | House |
| 15:44 | Build | Palisade Wall |
| 15:47 | Build | Mining Camp |
| 16:28 | Build | Stone Wall |
| 16:58 | Build | House |
| 17:00 | Build | House |
| 17:21 | Build | House |
| 17:27 | Build | Palisade Wall |
| 17:53 | Age | Castle Age |
| 18:00 | Build | Castle |
| 18:02 | Queue | Villager (Male) |
| 18:04 | Queue | Villager (Male) |
| 18:06 | Build | Mining Camp |
| 18:25 | Build | Palisade Wall |
| 18:27 | Build | Palisade Wall |
| 18:31 | Build | Palisade Wall |
| 18:33 | Build | Palisade Wall |
| 18:49 | Queue | Villager (Male) |
| 18:54 | Build | Lumber Camp |
| 19:01 | Research | Gold Mining |
| 19:14 | Queue | Fishing Ship |
| 19:15 | Queue | Fishing Ship |
| 19:17 | Queue | Villager (Male) |
| 19:17 | Queue | Villager (Male) |
| 19:19 | Queue | Arambai |
| 19:48 | Queue | Arambai |
| 19:51 | Queue | Villager (Male) |
| 20:11 | Queue | Arambai |
| 20:14 | Queue | Villager (Male) |
| 20:27 | Build | Town Center |
| 20:31 | Queue | Arambai |
| 20:57 | Queue | Villager (Male) |
| 20:58 | Queue | Arambai |
| 21:02 | Queue | Fishing Ship |
| 21:17 | Build | Stone Wall |
| 21:26 | Queue | Arambai |
| 21:27 | Queue | Villager (Male) |
| 21:28 | Queue | Villager (Male) |
| 21:28 | Queue | Villager (Male) |
| 21:28 | Queue | Villager (Male) |
| 21:37 | Queue | Arambai |
| 21:48 | Research | Padded Archer Armor |
| 22:03 | Queue | Arambai |
| 22:03 | Queue | Arambai |
| 22:18 | Queue | Villager (Male) |
| 22:18 | Queue | Villager (Male) |
| 22:26 | Queue | Arambai |
| 22:27 | Queue | Arambai |
| 22:45 | Build | Siege Workshop |
| 23:00 | Build | Mill |
| 23:04 | Queue | Villager (Male) |
| 23:04 | Queue | Villager (Male) |
| 23:04 | Queue | Villager (Male) |
| 23:10 | Queue | Arambai |
| 23:10 | Queue | Arambai |
| 23:50 | Queue | Battering Ram |
| 23:51 | Queue | Villager (Male) |
| 23:52 | Queue | Villager (Male) |
| 24:02 | Build | Farm |
| 24:09 | Queue | Arambai |
| 24:10 | Queue | Arambai |
| 24:16 | Queue | Villager (Male) |
| 24:17 | Queue | Villager (Male) |
| 24:19 | Build | Farm |
| 24:21 | Build | Farm |
| 24:48 | Queue | Villager (Male) |
| 24:48 | Queue | Villager (Male) |
| 24:51 | Queue | Arambai |
| 24:52 | Queue | Arambai |
| 24:52 | Queue | Arambai |
| 24:52 | Queue | Arambai |
| 24:52 | Queue | Arambai |
| 25:31 | Queue | Villager (Male) |
| 25:31 | Queue | Villager (Male) |
| 25:31 | Queue | Villager (Male) |
| 25:33 | Queue | Villager (Male) |
| 25:36 | Queue | Arambai |
| 25:41 | Queue | Battering Ram |
Build order — happy伯
First 150 of 215 actions detected
| 0:41 | Build | Town Center |
| 1:12 | Build | Dock |
| 2:56 | Queue | Villager (Male) |
| 2:56 | Queue | Villager (Male) |
| 2:56 | Queue | Villager (Male) |
| 2:57 | Queue | Villager (Male) |
| 2:57 | Queue | Villager (Male) |
| 3:33 | Build | House |
| 3:49 | Research | Loom |
| 4:10 | Queue | Villager (Male) |
| 4:11 | Queue | Villager (Male) |
| 4:11 | Queue | Villager (Male) |
| 4:26 | Queue | Fishing Ship |
| 4:55 | Build | House |
| 5:28 | Queue | Villager (Male) |
| 5:33 | Build | House |
| 5:35 | Build | House |
| 5:51 | Queue | Villager (Male) |
| 6:15 | Queue | Fishing Ship |
| 6:25 | Queue | Villager (Male) |
| 6:55 | Queue | Villager (Male) |
| 7:11 | Queue | Villager (Male) |
| 7:12 | Queue | Fishing Ship |
| 7:15 | Build | House |
| 7:37 | Queue | Villager (Male) |
| 7:57 | Queue | Villager (Male) |
| 8:16 | Build | House |
| 8:19 | Queue | Villager (Male) |
| 8:40 | Build | Mill |
| 8:46 | Queue | Villager (Male) |
| 9:09 | Queue | Fishing Ship |
| 9:47 | Queue | Villager (Male) |
| 9:50 | Queue | Fishing Ship |
| 10:05 | Queue | Villager (Male) |
| 10:15 | Build | House |
| 10:38 | Queue | Villager (Male) |
| 10:42 | Queue | Fishing Ship |
| 10:54 | Build | Lumber Camp |
| 10:57 | Build | House |
| 10:58 | Queue | Villager (Male) |
| 11:24 | Research | Feudal Age |
| 11:58 | Queue | Villager (Male) |
| 12:43 | Build | Donjon |
| 13:03 | Build | Farm |
| 13:04 | Build | Farm |
| 13:20 | Queue | Villager (Male) |
| 13:23 | Build | Mining Camp |
| 13:26 | Build | Mining Camp |
| 13:38 | Age | Feudal Age |
| 13:47 | Build | Donjon |
| 13:50 | Queue | Villager (Male) |
| 14:11 | Queue | Serjeant |
| 14:13 | Queue | Villager (Male) |
| 14:45 | Queue | Villager (Male) |
| 14:46 | Research | Double-Bit Axe |
| 15:02 | Queue | Villager (Male) |
| 15:17 | Build | Donjon |
| 15:20 | Queue | Villager (Male) |
| 15:25 | Build | Farm |
| 15:33 | Queue | Serjeant |
| 16:10 | Queue | Villager (Male) |
| 16:15 | Build | Farm |
| 16:19 | Build | Farm |
| 16:48 | Queue | Villager (Male) |
| 16:51 | Build | House |
| 17:12 | Build | Donjon |
| 17:17 | Queue | Villager (Male) |
| 17:24 | Build | Donjon |
| 17:35 | Queue | Villager (Male) |
| 17:44 | Queue | Villager (Male) |
| 17:49 | Build | House |
| 17:55 | Build | Farm |
| 18:07 | Queue | Villager (Male) |
| 18:46 | Queue | Villager (Male) |
| 18:49 | Build | Palisade Wall |
| 18:55 | Build | House |
| 19:00 | Build | Palisade Wall |
| 19:19 | Queue | Villager (Male) |
| 19:29 | Queue | Villager (Male) |
| 19:32 | Build | Farm |
| 19:35 | Build | Farm |
| 19:46 | Build | Donjon |
| 19:48 | Queue | Villager (Male) |
| 20:26 | Build | Farm |
| 20:26 | Build | Farm |
| 20:26 | Build | Farm |
| 20:27 | Build | Farm |
| 20:27 | Build | Farm |
| 20:30 | Queue | Villager (Male) |
| 20:30 | Queue | Villager (Male) |
| 20:49 | Queue | Spearman |
| 21:17 | Build | Palisade Gate |
| 21:20 | Build | Palisade Wall |
| 21:23 | Queue | Villager (Male) |
| 21:24 | Queue | Villager (Male) |
| 21:43 | Build | Market |
| 21:49 | Queue | Villager (Male) |
| 21:51 | Queue | Fishing Ship |
| 22:06 | Queue | Villager (Male) |
| 22:13 | Build | Palisade Gate |
| 22:28 | Build | Market |
| 22:29 | Build | House |
| 22:30 | Queue | Villager (Male) |
| 22:43 | Queue | Fishing Ship |
| 22:49 | Build | Farm |
| 22:56 | Queue | Villager (Male) |
| 22:57 | Build | Farm |
| 23:06 | Queue | Fishing Ship |
| 23:20 | Build | Dock |
| 23:55 | Queue | Villager (Male) |
| 23:59 | Build | Blacksmith |
| 24:03 | Queue | Serjeant |
| 24:09 | Queue | Spearman |
| 24:16 | Queue | Villager (Male) |
| 24:20 | Build | House |
| 24:23 | Build | House |
| 24:31 | Build | Palisade Wall |
| 24:43 | Research | Castle Age |
| 25:10 | Build | Palisade Wall |
| 25:13 | Build | Palisade Wall |
| 25:15 | Queue | Villager (Male) |
| 25:33 | Build | Lumber Camp |
| 26:00 | Build | Donjon |
| 26:05 | Build | Donjon |
| 26:08 | Queue | Villager (Male) |
| 26:09 | Research | Fletching |
| 26:15 | Research | Horse Collar |
| 26:24 | Queue | Fishing Ship |
| 26:48 | Queue | Fishing Ship |
| 27:10 | Queue | Villager (Male) |
| 27:21 | Queue | Serjeant |
| 27:21 | Queue | Serjeant |
| 27:22 | Research | Scale Mail Armor |
| 27:24 | Queue | Villager (Male) |
| 27:25 | Age | Castle Age |
| 27:28 | Research | Bow Saw |
| 27:29 | Research | Heavy Plow |
| 28:04 | Build | House |
| 28:08 | Queue | Serjeant |
| 28:09 | Queue | Villager (Male) |
| 28:12 | Build | House |
| 28:13 | Build | House |
| 28:25 | Queue | Fishing Ship |
| 28:25 | Queue | Fishing Ship |
| 28:26 | Queue | Villager (Male) |
| 28:28 | Research | Wheelbarrow |
| 28:53 | Build | House |
| 28:57 | Queue | Villager (Male) |
| 29:00 | Queue | Serjeant |
| 29:00 | Queue | Serjeant |
Build order — Arietta Fine
First 150 of 285 actions detected
| 0:27 | Build | Town Center |
| 0:46 | Build | Dock |
| 1:42 | Build | House |
| 2:48 | Queue | Villager (Male) |
| 2:49 | Queue | Villager (Male) |
| 3:30 | Queue | Villager (Male) |
| 3:58 | Queue | Fishing Ship |
| 3:58 | Queue | Fishing Ship |
| 4:02 | Queue | Villager (Male) |
| 4:02 | Queue | Villager (Male) |
| 4:44 | Queue | Villager (Male) |
| 4:57 | Build | House |
| 5:11 | Queue | Villager (Male) |
| 5:31 | Queue | Villager (Male) |
| 5:48 | Queue | Fishing Ship |
| 6:11 | Queue | Villager (Male) |
| 6:31 | Queue | Villager (Male) |
| 6:38 | Build | House |
| 6:57 | Queue | Villager (Male) |
| 6:58 | Queue | Fishing Ship |
| 7:24 | Queue | Villager (Male) |
| 7:32 | Research | Loom |
| 7:47 | Queue | Villager (Male) |
| 8:13 | Queue | Villager (Male) |
| 8:14 | Research | Loom |
| 8:16 | Build | Mill |
| 9:04 | Queue | Villager (Male) |
| 9:16 | Research | Feudal Age |
| 9:17 | Research | Feudal Age |
| 9:38 | Build | House |
| 10:34 | Build | Dock |
| 10:42 | Queue | Villager (Male) |
| 10:48 | Build | House |
| 10:49 | Build | House |
| 11:26 | Age | Feudal Age |
| 11:30 | Queue | Unit 2626 |
| 11:30 | Queue | Unit 2626 |
| 11:42 | Queue | Villager (Male) |
| 11:45 | Research | Double-Bit Axe |
| 11:59 | Queue | Villager (Male) |
| 12:02 | Queue | Unit 2626 |
| 12:13 | Queue | Unit 2626 |
| 12:13 | Queue | Unit 2626 |
| 12:25 | Queue | Villager (Male) |
| 13:01 | Queue | Unit 2626 |
| 13:02 | Queue | Villager (Male) ×5 |
| 13:13 | Queue | Unit 2626 |
| 13:13 | Queue | Unit 2626 |
| 13:15 | Queue | Villager (Male) |
| 13:28 | Build | House |
| 13:46 | Queue | Fire Galley |
| 13:50 | Queue | Fire Galley |
| 13:50 | Queue | Fire Galley |
| 13:52 | Queue | Villager (Male) |
| 13:54 | Queue | Villager (Male) |
| 14:31 | Queue | Unit 2626 ×2 |
| 14:47 | Research | Wheelbarrow |
| 15:13 | Queue | Villager (Male) ×5 |
| 15:24 | Queue | Unit 2626 |
| 15:51 | Queue | Villager (Male) |
| 15:52 | Queue | Unit 2626 |
| 16:38 | Build | House |
| 16:39 | Build | House |
| 16:40 | Build | House |
| 16:41 | Build | Mule Cart |
| 16:59 | Queue | Unit 2626 ×2 |
| 16:59 | Queue | Fire Galley ×2 |
| 17:01 | Queue | Villager (Male) |
| 17:02 | Build | Mule Cart |
| 17:05 | Queue | Fishing Ship |
| 17:05 | Queue | Fishing Ship |
| 17:46 | Queue | Villager (Male) |
| 17:48 | Build | Farm |
| 17:49 | Build | Farm |
| 17:49 | Build | Farm |
| 17:49 | Build | Farm |
| 17:52 | Build | Farm |
| 17:59 | Queue | Villager (Male) |
| 18:04 | Build | Farm |
| 18:17 | Queue | Unit 2626 |
| 18:47 | Build | Blacksmith |
| 19:29 | Build | Farm |
| 19:46 | Build | Market |
| 19:50 | Build | Farm |
| 19:58 | Research | Forging |
| 20:00 | Queue | Villager (Male) |
| 20:45 | Queue | Villager (Male) |
| 20:48 | Research | Castle Age |
| 21:01 | Build | House |
| 22:08 | Queue | Villager (Male) |
| 22:08 | Queue | Villager (Male) |
| 22:25 | Build | Farm |
| 22:26 | Research | Horse Collar |
| 22:29 | Research | Gold Mining |
| 23:19 | Queue | Villager (Male) |
| 23:32 | Age | Castle Age |
| 23:37 | Build | Town Center |
| 23:51 | Research | Heavy Plow |
| 23:56 | Build | Town Center |
| 24:14 | Queue | Villager (Male) |
| 24:16 | Queue | Villager (Male) |
| 24:32 | Queue | Villager (Male) |
| 24:42 | Queue | Villager (Male) |
| 24:51 | Build | Monastery |
| 24:54 | Build | Monastery |
| 24:57 | Build | Farm |
| 24:59 | Build | Farm |
| 25:00 | Build | Farm |
| 25:01 | Build | Farm |
| 25:07 | Queue | Villager (Male) |
| 25:13 | Build | Farm |
| 25:15 | Queue | Villager (Male) |
| 25:15 | Queue | Villager (Male) |
| 25:24 | Queue | Villager (Male) ×4 |
| 25:25 | Queue | Villager (Male) ×4 |
| 25:41 | Queue | Monk |
| 25:42 | Queue | Villager (Male) |
| 25:48 | Build | Farm |
| 25:50 | Build | Farm |
| 25:51 | Build | Farm |
| 25:52 | Queue | Villager (Male) |
| 26:00 | Build | House |
| 26:02 | Research | Town Watch |
| 26:02 | Research | Town Watch |
| 26:04 | Build | House |
| 26:04 | Build | House |
| 26:22 | Queue | Villager (Male) |
| 26:33 | Build | Farm |
| 26:35 | Queue | Villager (Male) ×2 |
| 26:40 | Build | Farm |
| 26:42 | Build | Farm |
| 26:43 | Build | Farm |
| 26:44 | Build | Farm |
| 26:45 | Queue | Villager (Male) |
| 26:46 | Queue | Villager (Male) |
| 26:47 | Build | Farm |
| 26:47 | Build | Farm |
| 26:57 | Queue | Villager (Male) |
| 26:57 | Queue | Villager (Male) |
| 27:11 | Queue | Villager (Male) ×2 |
| 27:25 | Queue | Villager (Male) |
| 27:40 | Build | Monastery |
| 27:45 | Queue | Villager (Male) |
| 27:59 | Queue | Villager (Male) ×3 |
| 27:59 | Queue | Villager (Male) |
| 27:59 | Queue | Villager (Male) |
| 28:16 | Queue | Villager (Male) |
| 28:22 | Build | Farm |
| 28:24 | Build | Farm |
| 28:36 | Build | Farm |
Build order — Danatis
First 150 of 344 actions detected
| 0:09 | Build | Town Center |
| 0:25 | Build | Dock |
| 0:26 | Build | Palisade Wall |
| 0:27 | Build | Palisade Wall |
| 2:05 | Build | House |
| 2:28 | Queue | Villager (Male) ×4 |
| 2:59 | Queue | Villager (Male) |
| 2:59 | Queue | Villager (Male) |
| 3:45 | Queue | Fishing Ship |
| 4:06 | Build | House |
| 4:27 | Queue | Villager (Male) |
| 4:57 | Queue | Villager (Male) |
| 5:18 | Queue | Villager (Male) |
| 5:19 | Queue | Fishing Ship |
| 5:50 | Queue | Villager (Male) |
| 5:58 | Build | House |
| 6:11 | Queue | Villager (Male) |
| 6:18 | Queue | Fishing Ship |
| 6:40 | Queue | Villager (Male) |
| 6:48 | Queue | Villager (Male) |
| 6:49 | Queue | Fishing Ship |
| 7:04 | Build | House |
| 7:07 | Build | House |
| 7:09 | Queue | Villager (Male) |
| 7:39 | Build | House |
| 7:52 | Queue | Villager (Male) |
| 7:53 | Build | House |
| 8:04 | Queue | Fishing Ship |
| 8:12 | Build | House |
| 8:21 | Queue | Villager (Male) |
| 8:41 | Build | Mining Camp |
| 8:45 | Research | Loom |
| 9:03 | Queue | Villager (Male) |
| 9:20 | Research | Feudal Age |
| 9:20 | Research | Feudal Age |
| 9:56 | Build | Dock |
| 10:15 | Build | Lumber Camp |
| 11:06 | Queue | Villager (Male) |
| 11:30 | Age | Feudal Age |
| 11:30 | Queue | Galley |
| 11:31 | Queue | Galley |
| 11:33 | Research | Double-Bit Axe |
| 11:36 | Queue | Villager (Male) |
| 12:02 | Queue | Villager (Male) |
| 12:10 | Queue | Galley |
| 12:10 | Queue | Galley |
| 12:12 | Queue | Villager (Male) |
| 12:42 | Build | Blacksmith |
| 12:43 | Queue | Villager (Male) |
| 12:47 | Build | House |
| 12:48 | Queue | Villager (Male) ×4 |
| 12:50 | Queue | Fire Galley |
| 13:05 | Build | House |
| 13:06 | Build | House |
| 13:19 | Queue | Villager (Male) |
| 13:20 | Queue | Fire Galley |
| 13:24 | Queue | Villager (Male) |
| 13:31 | Build | House |
| 13:37 | Build | House |
| 13:42 | Build | House |
| 13:43 | Build | House |
| 13:53 | Queue | Fire Galley |
| 13:58 | Build | House |
| 14:00 | Build | Palisade Wall |
| 14:01 | Build | Palisade Wall |
| 14:03 | Queue | Villager (Male) |
| 14:27 | Queue | Galley |
| 14:28 | Queue | Galley |
| 14:31 | Queue | Villager (Male) |
| 14:35 | Queue | Villager (Male) |
| 14:36 | Build | House |
| 14:44 | Queue | Galley |
| 14:47 | Research | Fletching |
| 14:56 | Queue | Villager (Male) ×3 |
| 15:09 | Queue | Unit 2626 |
| 15:09 | Queue | Unit 2626 |
| 15:28 | Queue | Villager (Male) ×2 |
| 15:36 | Queue | Unit 2626 |
| 15:38 | Build | Dock |
| 16:06 | Queue | Unit 2626 |
| 16:40 | Queue | Unit 2626 |
| 16:40 | Queue | Unit 2626 |
| 16:50 | Build | Mill |
| 17:00 | Queue | Unit 2626 |
| 17:12 | Queue | Villager (Male) |
| 17:18 | Queue | Unit 2626 |
| 17:34 | Queue | Unit 2626 |
| 17:34 | Queue | Unit 2626 |
| 18:01 | Queue | Galley |
| 18:04 | Build | Farm |
| 18:05 | Build | Farm |
| 18:06 | Build | Farm |
| 18:07 | Queue | Villager (Male) |
| 18:08 | Build | Farm |
| 18:09 | Build | Farm |
| 18:09 | Queue | Villager (Male) |
| 18:26 | Queue | Villager (Male) |
| 18:37 | Queue | Fire Galley |
| 18:37 | Queue | Fire Galley |
| 18:43 | Queue | Fire Galley |
| 18:53 | Research | Horse Collar |
| 19:03 | Build | Palisade Gate |
| 19:05 | Build | House |
| 19:07 | Build | House |
| 19:15 | Queue | Villager (Male) ×4 |
| 19:24 | Queue | Villager (Male) |
| 19:41 | Queue | Villager (Male) ×4 |
| 19:50 | Build | House |
| 19:50 | Build | House |
| 19:54 | Queue | Fire Galley |
| 19:55 | Queue | Fire Galley |
| 19:57 | Queue | Villager (Male) ×5 |
| 20:13 | Build | House |
| 20:14 | Queue | Villager (Male) ×4 |
| 20:27 | Queue | Villager (Male) |
| 20:46 | Queue | Villager (Male) |
| 20:50 | Queue | Villager (Male) |
| 21:06 | Queue | Villager (Male) |
| 21:15 | Build | House |
| 21:21 | Build | Market |
| 21:30 | Build | House |
| 21:35 | Queue | Villager (Male) |
| 21:50 | Build | Lumber Camp |
| 21:51 | Queue | Villager (Male) |
| 21:51 | Queue | Villager (Male) |
| 22:09 | Research | Castle Age |
| 22:12 | Queue | Villager (Male) |
| 22:12 | Queue | Villager (Male) |
| 22:27 | Build | Lumber Camp |
| 22:47 | Build | Dock |
| 22:51 | Queue | Villager (Male) ×5 |
| 22:56 | Build | Lumber Camp |
| 22:58 | Queue | Villager (Male) |
| 23:34 | Queue | Villager (Male) |
| 23:34 | Queue | Villager (Male) |
| 23:55 | Build | Barracks |
| 24:10 | Queue | Fishing Ship |
| 24:10 | Queue | Fishing Ship |
| 24:24 | Queue | Fishing Ship |
| 24:24 | Research | Tech 906 |
| 24:33 | Queue | Villager (Male) |
| 24:42 | Queue | Villager (Male) |
| 24:42 | Queue | Villager (Male) |
| 24:50 | Age | Castle Age |
| 24:53 | Build | Town Center |
| 24:57 | Research | War Galley (upgrade) |
| 25:09 | Queue | Villager (Male) |
| 25:13 | Research | Bow Saw |
| 25:19 | Queue | Villager (Male) |
| 25:20 | Queue | Villager (Male) |
Match timeline
| 0:25 | Danatis · first_building Dock |
| 0:26 | Danatis · wall_segment Palisade Wall x1 |
| 0:27 | Danatis · wall_segment Palisade Wall x1 |
| 0:46 | Arietta Fine · first_building Dock |
| 0:59 | 喜碧夫人时间到 · first_building Dock |
| 1:03 | 喜碧夫人时间到 · wall_segment Palisade Wall x1 |
| 1:04 | 喜碧夫人时间到 · wall_segment Palisade Wall x1 |
| 1:12 | happy伯 · first_building Dock |
| 1:15 | jiraiona · first_building Dock |
| 1:28 | Teddy · first_building Dock |
| 1:31 | Yan · first_building Dock |
| 1:54 | 康寶羊 · first_building Dock |
| 6:06 | 喜碧夫人时间到 · wall_segment Palisade Wall x1 |
| 6:29 | 喜碧夫人时间到 · wall_segment Palisade Wall x1 |
| 7:24 | 喜碧夫人时间到 · wall_segment Palisade Wall x1 |
| 7:29 | 喜碧夫人时间到 · wall_segment Palisade Wall x5 |
| 10:01 | Yan · wall_segment Palisade Wall x4 |
| 10:17 | 喜碧夫人时间到 · wall_segment Palisade Wall x7 |
| 11:14 | Teddy · first_building Barracks |
| 11:26 | Arietta Fine · age_up feudal |
| 11:27 | Yan · wall_segment Palisade Wall x5 |
| 11:30 | Danatis · age_up feudal |
| 12:13 | Teddy · wall_segment Palisade Wall x1 |
| 12:14 | Teddy · wall_segment Palisade Wall x1 |
| 12:15 | Teddy · wall_segment Palisade Wall x1 |
| 12:15 | Teddy · wall_segment Palisade Wall x1 |
| 12:16 | Teddy · wall_segment Palisade Wall x1 |
| 12:16 | Teddy · wall_segment Palisade Wall x1 |
| 12:17 | Teddy · wall_segment Palisade Wall x1 |
| 12:37 | 康寶羊 · age_up feudal |
| 12:43 | happy伯 · first_building Donjon |
| 13:22 | Teddy · age_up feudal |
| 13:25 | Teddy · first_building Stable |
| 13:38 | happy伯 · age_up feudal |
| 13:43 | 喜碧夫人时间到 · age_up feudal |
| 13:52 | jiraiona · age_up feudal |
| 13:57 | Yan · age_up feudal |
| 14:00 | Danatis · wall_segment Palisade Wall x9 |
| 14:01 | Danatis · wall_segment Palisade Wall x3 |
| 14:21 | Yan · wall_segment Palisade Wall x3 |
| 14:38 | Teddy · wall_segment Stone Wall x1 |
| 14:38 | Teddy · wall_segment Stone Wall x1 |
| 14:39 | Teddy · wall_segment Stone Wall x1 |
| 15:01 | 喜碧夫人时间到 · wall_segment Palisade Wall x1 |
| 15:10 | 喜碧夫人时间到 · first_market_sell 100 stone |
| 15:39 | Teddy · wall_segment Stone Wall x6 |
| 15:44 | 喜碧夫人时间到 · wall_segment Palisade Wall x1 |
| 15:59 | jiraiona · first_market_sell 100 wood |
| 16:00 | jiraiona · first_market_buy 100 food |
| 16:18 | Yan · first_market_buy 100 wood |
| 16:28 | 喜碧夫人时间到 · wall_segment Stone Wall x1 |
| 16:37 | Yan · first_market_sell 100 food |
| 17:14 | 康寶羊 · age_up castle |
| 17:17 | Teddy · age_up castle |
| 17:25 | 康寶羊 · first_building Castle |
| 17:27 | 喜碧夫人时间到 · wall_segment Palisade Wall x1 |
| 17:33 | Yan · age_up castle |
| 17:53 | 喜碧夫人时间到 · age_up castle |
| 17:55 | 喜碧夫人时间到 · first_market_buy 100 stone |
| 18:00 | 喜碧夫人时间到 · first_building Castle |
| 18:09 | 康寶羊 · wall_segment Palisade Wall x1 |
| 18:10 | 康寶羊 · wall_segment Palisade Wall x1 |
| 18:11 | 康寶羊 · wall_segment Palisade Wall x1 |
| 18:11 | 康寶羊 · wall_segment Palisade Wall x1 |
| 18:14 | 康寶羊 · wall_segment Palisade Wall x1 |
| 18:25 | 喜碧夫人时间到 · wall_segment Palisade Wall x1 |
| 18:27 | 喜碧夫人时间到 · wall_segment Palisade Wall x1 |
| 18:31 | 康寶羊 · wall_segment Palisade Wall x1 |
| 18:31 | 喜碧夫人时间到 · wall_segment Palisade Wall x1 |
| 18:33 | 康寶羊 · wall_segment Palisade Wall x1 |
| 18:33 | 喜碧夫人时间到 · wall_segment Palisade Wall x1 |
| 18:34 | 康寶羊 · wall_segment Palisade Wall x1 |
| 18:40 | jiraiona · age_up castle |
| 18:41 | 康寶羊 · wall_segment Palisade Wall x1 |
| 18:42 | 康寶羊 · wall_segment Palisade Wall x1 |
| 18:49 | happy伯 · wall_segment Palisade Wall x1 |
| 18:55 | jiraiona · first_building Castle |
| 18:56 | 康寶羊 · first_market_buy 100 stone |
| 19:00 | happy伯 · wall_segment Palisade Wall x1 |
| 19:12 | 康寶羊 · first_building Monastery |
| 20:48 | Yan · first_building Monastery |
| 21:17 | 喜碧夫人时间到 · wall_segment Stone Wall x9 |
| 21:20 | happy伯 · wall_segment Palisade Wall x10 |
| 22:45 | 喜碧夫人时间到 · first_building Siege Workshop |
| 23:32 | Arietta Fine · age_up castle |
| 23:44 | happy伯 · first_market_sell 100 stone |
| 23:46 | happy伯 · first_market_buy 100 food |
| 23:55 | Danatis · first_building Barracks |
| 24:31 | happy伯 · wall_segment Palisade Wall x1 |
| 24:49 | Teddy · first_building Monastery |
| 24:50 | Danatis · age_up castle |
| 24:51 | Arietta Fine · first_building Monastery |
| 25:10 | happy伯 · wall_segment Palisade Wall x1 |
| 25:13 | happy伯 · wall_segment Palisade Wall x1 |
| 25:14 | Teddy · first_building Siege Workshop |
| 25:23 | Arietta Fine · first_market_buy 100 food |
| 25:29 | Danatis · first_market_buy 100 wood |
| 25:31 | Danatis · first_building Archery Range |
| 26:10 | 喜碧夫人时间到 · first_building Barracks |
| 26:21 | Danatis · first_building Stable |
| 26:24 | Yan · first_building Siege Workshop |
| 26:53 | Danatis · wall_segment Palisade Wall x16 |
| 27:25 | happy伯 · age_up castle |
| 27:51 | 喜碧夫人时间到 · first_building Stable |
| 28:14 | 喜碧夫人时间到 · wall_segment Stone Wall x10 |
| 28:18 | 喜碧夫人时间到 · wall_segment Stone Wall x6 |
| 28:44 | 康寶羊 · first_market_sell 100 wood |
| 29:02 | Danatis · wall_segment Palisade Wall x1 |
| 29:04 | Danatis · wall_segment Palisade Wall x1 |
| 30:23 | Danatis · first_market_sell 100 food |
| 30:50 | Yan · first_building Barracks |
| 31:31 | 康寶羊 · first_building Barracks |
| 31:52 | Yan · first_building Stable |
| 31:58 | 喜碧夫人时间到 · wall_segment Stone Wall x1 |
| 31:59 | 喜碧夫人时间到 · wall_segment Stone Wall x1 |
| 32:00 | 喜碧夫人时间到 · wall_segment Stone Wall x1 |
| 32:53 | happy伯 · first_building Siege Workshop |
| 32:55 | Arietta Fine · first_building Barracks |
| 33:07 | 康寶羊 · first_building Stable |
| 33:54 | Arietta Fine · first_building Stable |
| 33:56 | happy伯 · wall_segment Palisade Wall x1 |
| 33:57 | happy伯 · wall_segment Palisade Wall x1 |
| 34:04 | happy伯 · wall_segment Palisade Wall x1 |
| 34:26 | Yan · first_building Castle |
| 34:30 | Teddy · first_building Castle |
| 35:02 | Arietta Fine · first_building Castle |
| 35:12 | happy伯 · wall_segment Palisade Wall x1 |
| 35:20 | Arietta Fine · age_up imperial |
| 35:48 | jiraiona · first_building Barracks |
| 35:50 | Danatis · first_building Castle |
| 36:20 | Teddy · age_up imperial |
| 36:54 | happy伯 · resign |
[ AI ANALYSIS · 1 CREDIT ]
What really happened in this match?
Wolo.gg analyzes every decision: build order, eco, micro, common mistakes by bracket. Personalized analysis on WhatsApp or Discord in 30 seconds.
Civ guide
Persians
Perfil
Jugador #1639462